 Dungeon Crawl Stone Soup version 0.19.4 (webtiles) character file.

105 winWinterter the Digger (level 4, -2/26 HPs)
             Began as a Gargoyle Earth Elementalist on Jan 31, 2017.
             Slain by a leopard gecko (3 damage)
             ... on level 3 of the Dungeon.
             The game lasted 00:08:29 (1945 turns).

winWinterter the Digger (GrEE)                      Turns: 1945, Time: 00:08:29

Health: -2/26      AC:  6    Str:  9 (11) XL:     4   Next: 81%
Magic:  4/7        EV: 12    Int: 16 (17) God:
Gold:   72         SH:  0    Dex:  8 (10) Spells: 3 memorised, 2 levels left

rFire  . . .     SeeInvis .     m - +0 whip (elec)
rCold  . . .     Gourm    .     c - +0 robe
rNeg   + . .     Faith    .     (no shield)
rPois  ∞         Spirit   .     (no helmet)
rElec  +         Reflect  .     (no cloak)
rCorr  .         Harm     .     n - +0 pair of gloves
MR     .....                    (no boots)
Stlth  ++........               (no amulet)
                                (no ring)
                                (no ring)

@: no status effects
A: negative energy resistance 1, electricity resistance, unbreathing,
petrification resistance, rot immunity, AC +3
a: no special abilities


You were on level 3 of the Dungeon.
You were not hungry.

You visited 1 branch of the dungeon, and saw 3 of its levels.

You collected 72 gold pieces.

Inventory:

Hand Weapons
 m - a +0 whip of electrocution (weapon)
Missiles
 b - 41 stones (quivered)
Armour
 c - a +0 robe (worn)
 h - a +1 chain mail of positive energy
 n - a +0 pair of gloves (worn)
Jewellery
 a - an uncursed ring of ice {unknown}
Scrolls
 i - a scroll of enchant weapon {unknown}
 j - a scroll of remove curse {unknown}
 k - a scroll of enchant armour {unknown}
 l - 2 scrolls of identify {unknown}
Books
 e - a book of Geomancy

   Spells                             Type                      Level
   a - Sandblast                      Earth                        1
   b - Passwall                       Transmutation/Earth          2
   c - Stone Arrow                    Conjuration/Earth            3
   d - Petrify                        Transmutation/Earth          4
   e - Lee's Rapid Deconstruction     Earth                        5
Comestibles
 d - 2 bread rations
 f - a chunk of flesh
 g - 2 meat rations


   Skills:
 * Level 1.9 Fighting
 * Level 1.7 Maces & Flails
 + Level 2.2 Dodging
 - Level 2.1 Stealth
 + Level 2.6 Spellcasting
 + Level 0.7 Transmutations
 + Level 4.2 Earth Magic


You had 2 spell levels left.
You knew the following spells:

 Your Spells              Type           Power        Failure   Level  Hunger
a - Sandblast             Erth           ###...       4%          1    #......
b - Passwall              Tmut/Erth      #.........   12%         2    ##.....
c - Stone Arrow           Conj/Erth      #.....       28%         3    ###....


Dungeon Overview and Level Annotations

Branches:
Dungeon (3/15)

Altars:

Annotations:
D:2 Sigmund
D:3 Paps's ghost, amateur GrFi


Innate Abilities, Weirdness & Mutations

You are resistant to torment.
Your stone body is resilient. (AC +3)
You are immune to poison.
You resist negative energy. (rN+)
You are resistant to electric shocks. (rElec)
You can survive without breathing.
You are immune to petrification.
You are immune to rotting.


Message History

Press: ? - help, Shift-Dir - straight line, f - goblin
Aim: a goblin
Okay, then.
Wield which item (- for none, * to show all)? (? for menu, Esc to quit)
You hear the crackle of electricity.
m - a +0 whip of electrocution (weapon)
There are monsters nearby!
Things that are here:
a jackal corpse x2
The leopard gecko hisses angrily.
There is a stone staircase leading down here.
The leopard gecko bites you.
You climb downwards.
Level annotation: Paps's ghost, amateur GrFi Paps's ghost hits you!
Ouch! That really hurt!
* * * LOW HITPOINT WARNING * * *
x2
There is a stone staircase leading up here.
The leopard gecko bites you.
You die...

#.......# #.......#
#.......##########
#.####.>.†.......#
####.#############.##
.................#.#
.........#######.#.#
.........# #.#.#
.........#######@#<#
...............lW#.#
........########.#.#
####.............#.#
##################.#
...................#
####################
# #<# # #.#


You could see Paps's ghost and a leopard gecko.

Vanquished Creatures
  An orc wizard (D:3)
  A worker ant (D:3)
  An adder (D:3)
  A worm (D:2)
  A leopard gecko (D:1)
  3 orcs (D:3)
  4 bats
  5 giant cockroaches (D:1)
  A goblin (D:1)
  4 hobgoblins (D:1)
  3 jackals (D:2)
  A frilled lizard (D:1)
  8 kobolds
  6 rats (D:1)
40 creatures vanquished.

Notes
Turn   | Place    | Note
-------+----------+-------------------------------------------
     0 | D:1      | winWinterter the Gargoyle Earth Elementalist began the quest for the Orb.
     0 | D:1      | Reached XP level 1. HP: 10/10 MP: 3/3
   233 | D:1      | Reached XP level 2. HP: 15/15 MP: 1/5
   379 | D:1      | Reached skill level 4 in Earth Magic
   976 | D:1      | Reached XP level 3. HP: 15/20 MP: 6/6
  1072 | D:1      | Reached skill level 1 in Fighting
  1441 | D:2      | Learned a level 2 spell: Passwall
  1445 | D:2      | Learned a level 3 spell: Stone Arrow
  1496 | D:2      | Noticed Sigmund
  1647 | D:3      | Reached skill level 1 in Maces & Flails
  1647 | D:3      | Reached XP level 4. HP: 18/26 MP: 1/7
  1905 | D:3      | Noticed Paps's ghost (amateur GrFi)
  1944 | D:3      | HP: 1/26 [Paps's ghost (5)]
  1945 | D:3      | Slain by a leopard gecko

Skill      XL: |  1  2  3 |
---------------+----------+-----
Earth Magic    | 4 |  4.2
Fighting       | 1 |  1.9
Maces & Flails | 1 |  1.7
Dodging        | 2 |  2.2
Stealth        | |  2.1
Spellcasting   | |  2.6
Transmutations | |  0.7

Action                   |  1- 3 |  4- 6 || total
-------------------------+-------+-------++-------
Melee: Unarmed           |     2 |       ||     2
       Whip              |    75 |    13 ||    88
Throw: Stone             |       |     3 ||     3
 Cast: Sandblast         |    22 |     9 ||    31
       Passwall          |     1 |       ||     1
  Use: Potion            |     2 |       ||     2
 Stab: Sleeping          |     1 |       ||     1
  Eat: Chunk             |     3 |     1 ||     4
Armor: Robe              |    33 |     6 ||    39
Dodge: Dodged            |    58 |     7 ||    65
